AoeStats
← Sekekama

Arabia

510671067Analyzed
1v1 RM · 20h ago on Oct 2, 2026· 33m 1s· 2 players
Game mode
Random Map
Map size
Tiny (2 player)
Population
200
Speed
Normal
Resources
Standard
Victory
Conquest
Starting age
Dark Age
Ending age
Imperial Age
RankedLock teamsTeams togetherTeam positionsShared explorationLock speedFull tech treeHidden civsTurbo modeCheats
Victory
Defeat
🇨🇴 Tatars · Colombia
1400
+18
🇦🇺 Japanese · Australia
1448
-18
Sekekama
6:21 Loom
8:55 Feudal Age
12:43 Town Watch
13:16 Double-Bit Axe
15:36 Fletching
21:49 Castle Age
20:46 Padded Archer Armor
22:28 Bodkin Arrow
21:55 Elite Skirmisher
24:34 Leather Archer Armor
24:28 Horse Collar
25:21 Scale Barding Armor
26:51 Bloodlines
28:17 Forging
31:50 Chain Barding Armor
31:57 Husbandry
changcy80
6:38 Loom
9:07 Feudal Age
9:24 Man-at-Arms
13:27 Fletching
14:44 Double-Bit Axe
16:43 Wheelbarrow
21:25 Castle Age
19:32 Horse Collar
21:00 Padded Archer Armor
20:55 Gold Mining
22:25 Bow Saw
22:21 Bodkin Arrow
22:27 Crossbowman
25:15 Heavy Plow
28:56 Thumb Ring
33:24 Scale Barding Armor
Connection lost

Rejoining the realm…

Still unreachable

The connection could not be restored.

Session expired

The server has moved on; the page needs a fresh start.